 Dungeon Crawl Stone Soup version 0.30.2 (webtiles) character file.

Game seed: 1759437930545530639

144 porpoise the Vexing (level 5, -4/28 HPs)
             Began as a Deep Elf Hexslinger on Feb 14, 2024.
             Slain by Natasha (9 damage)
             ... on level 3 of the Dungeon.
             The game lasted 00:05:17 (1881 turns).

porpoise the Vexing (Deep Elf Hexslinger)           Turns: 1881, Time: 00:05:17

Health: -4/28      AC:  2    Str:  7    XL:     5   Next: 5%
Magic:  11/11      EV: 13    Int: 18    God:
Gold:   79         SH:  0    Dex: 17    Spells: 2/10 levels left

rFire   . . .        a - +1 sling
rCold   + . .        (no shield)
rNeg    . . .        c - +0 robe
rPois   .            (no helmet)
rElec   .            (no cloak)
rCorr   .            (no gloves)
SInv    .            (no boots)
Will    .....        (no amulet)
Stlth   ++           g - ring of protection from cold
HPRegen 0.24/turn    (no ring)
MPRegen 0.12/turn

%: no passive effects
@: no status effects
A: no striking features
a: no special abilities


You were on level 3 of the Dungeon.
You visited 1 branch of the dungeon, and saw 3 of its levels.

You collected 79 gold pieces.

Inventory:

Hand Weapons
 a - a +1 sling (weapon)
Missiles
 e - 3 curare-tipped darts
Armour
 c - a +0 robe (worn)
Jewellery
 g - a ring of protection from cold (left hand)
Scrolls
 b - a scroll of poison
 d - a scroll of identify {unknown}
 i - a scroll of immolation {unknown}
Potions
 f - a potion of mutation {unknown}
 h - a potion of heal wounds {unknown}


   Skills:
 + Level 0.9 Fighting
 + Level 4.8 Ranged Weapons
 - Level 2.4 Dodging
 - Level 3.0 Spellcasting
 + Level 5.8 Hexes


You had 2 spell levels left.
You knew the following spells:

 Your Spells              Type           Power      Damage    Failure   Level
a - Slow                  Hex            92%        N/A       1%          1
f - Cause Fear            Hex            11%        N/A       16%         4
p - Portal Projectile     Hex/Tloc       26%        N/A       16%         3

Your spell library contained the following spells:

 Spells                   Type           Power      Damage    Failure   Level
 Inner Flame              Hex/Fire       13%        N/A       16%         3
 Vhi's Electric Charge    Tloc/Air       4%         N/A       43%         3
 Arcjolt                  Conj/Air       1%         1d11      99%         5
 Maxwell's Capacitive Co  Air            1%         ∞         100%        8


Dungeon Overview and Level Annotations

Branches:
Dungeon (3/15)

Altars:
Uskayaw

Annotations:
D:3 Natasha


Message History

Natasha stares at you and mumbles some strange words.
The magic dart hits you!
You shoot a sling bullet.
The sling bullet closely misses Natasha.
Natasha barely misses you.
You shoot a sling bullet. The sling bullet hits Natasha.
Natasha is moderately wounded.
Natasha stares at you and mumbles some strange words.
The magic dart hits you!
You are too injured to fight recklessly!
You are too injured to fight recklessly!
You shoot a sling bullet.
The sling bullet hits Natasha but does no damage.
Natasha is moderately wounded.
Natasha barely misses you.
You shoot a sling bullet.
The sling bullet hits Natasha but does no damage.
Natasha is moderately wounded.
Natasha misses you.
You shoot a sling bullet. The sling bullet hits Natasha!
Natasha is severely wounded.
Natasha drinks a potion.
Natasha is healed!
You shoot a sling bullet.
The sling bullet closely misses Natasha.
Natasha stares at you and mumbles some strange words.
The magic dart hits you. Natasha closely misses you.
You shoot a sling bullet. The sling bullet hits Natasha.
Natasha is moderately wounded.
Natasha misses you.
You shoot a sling bullet.
The sling bullet closely misses Natasha.
Natasha casts a spell.
You shoot a sling bullet. The sling bullet barely misses Natasha.
Natasha claws you.
* * * LOW HITPOINT WARNING * * *
The cerulean imp barely misses you.
You shoot a sling bullet. The sling bullet misses Natasha.
Natasha hisses.
Natasha claws you!
You die...

# ##. ####.##
#...###5..$..!
#..h@.#
#...##.## ##
#.# #.# #.#
#.# #.# ####.#
#....#


You could see Natasha and a cerulean imp (summoned).

Vanquished Creatures
  A hound (D:2)
  2 orc priests (D:2)
  An adder (D:1)
  2 dart slugs (D:2)
  An orc (D:2)
  5 endoplasms
  4 giant cockroaches
  3 goblins
  2 hobgoblins (D:2)
  4 jackals
  3 kobolds
  A quokka (D:2)
  4 ball pythons
  3 bats
  4 frilled lizards
  4 rats
44 creatures vanquished.

Notes
Turn   | Place    | Note
-------+----------+-------------------------------------------
     0 | D:1      | porpoise the Deep Elf Hexslinger began the quest for the
                  | Orb.
     0 | D:1      | Reached XP level 1. HP: 11/11 MP: 5/5
   456 | D:1      | Reached XP level 2. HP: 16/16 MP: 7/7
   836 | D:2      | Reached XP level 3. HP: 20/20 MP: 8/8
  1018 | D:2      | Reached skill level 5 in Hexes
  1023 | D:2      | Reached XP level 4. HP: 8/24 MP: 10/10
  1120 | D:2      | Found a hide-covered altar of Uskayaw.
  1465 | D:2      | Learned a level 3 spell: Portal Projectile
  1470 | D:2      | Learned a level 4 spell: Cause Fear
  1572 | D:2      | Reached XP level 5. HP: 28/28 MP: 11/11
  1866 | D:3      | Noticed Natasha
  1881 | D:3      | Slain by Natasha

Illustrated notes

Levels and vault maps discovered:
D:1:      saegor_arrival_simple_a, layout_basic, minmay_ruptured
D:2:      layout_basic, basic_altar
D:3:      layout_loops_ring, serial_shops, nicolae_shop_advertising_works
          [nicolae_subvault_shop_adworks], uniq_grinder, uniq_ijyb, uniq_natasha

Skill      XL: |  1  2  3 |
---------------+----------+-----
Ranged Weapons | 3 4 |  4.8
Spellcasting   | 2 3 |  3.0
Hexes          | 5 |  5.8
Fighting       | |  0.9
Dodging        | |  2.4

Action                     |  1- 3 |  4- 6 || total
---------------------------+-------+-------++-------
  Melee: Unarmed           |       |     1 ||     1
   Fire: Sling             |    69 |    68 ||   137
  Throw: Dart              |     6 |       ||     6
   Cast: Slow              |       |     2 ||     2
 Armour: Robe              |     1 |     6 ||     7
  Dodge: Dodged            |    17 |    25 ||    42
